 Dungeon Crawl Stone Soup version 0.28.0-53-g5a82cb258f (webtiles) character file.

Game seed: 5928451137635691340

83 12572944 the Ruffian (level 4, -4/36 HPs)
             Began as a Draconian Transmuter on Aug 14, 2022.
             Slain by an iguana (9 damage)
             ... on level 4 of the Dungeon.
             The game lasted 00:04:18 (2880 turns).

12572944 the Ruffian (Draconian Transmuter)         Turns: 2880, Time: 00:04:19

Health: -4/36      AC:  7    Str: 13    XL:     4   Next: 22%
Magic:  6/7        EV: 12    Int: 15    God:
Gold:   80         SH:  0    Dex: 11    Spells: 4/7 levels left

rFire   . . .      SeeInvis .     - Unarmed
rCold   + . .      Faith    .   (no shield)
rNeg    . . .      Spirit   .   (armour unavailable)
rPois   .          Reflect  .   (helmet currently unavailable)
rElec   .          Harm     .   (no cloak)
rCorr   .          Rampage  .   d - +1 pair of gloves
Will    .....                   (boots currently unavailable)
Stlth   +.........              (no amulet)
HPRegen 0.12/turn               b - ring of protection from cold
MPRegen 0.10/turn               f - ring of wizardry

@: appendages
A: horns 2, talons 2, AC +5, unfitting armour, cold-blooded
a: End Transformation


You were on level 4 of the Dungeon.
You had temporarily grown beastly horns and talons.
You visited 1 branch of the dungeon, and saw 4 of its levels.

You collected 80 gold pieces.

Inventory:

Armour
 d - a +1 pair of gloves (worn)
Jewellery
 b - a ring of protection from cold (left hand)
 f - a ring of wizardry (right hand)
Potions
 c - 4 potions of mutation {unknown}


   Skills:
 + Level 2.1 Fighting
 + Level 2.3 Dodging
 + Level 3.3 Unarmed Combat
 + Level 2.3 Spellcasting
 * Level 3.0 Transmutations


You had 4 spell levels left.
You knew the following spells:

 Your Spells              Type           Power      Damage    Failure   Level
a - Beastly Appendage     Tmut           22%        N/A       2%          1
b - Wereblood             Tmut           11%        N/A       3%          2

Your spell library contained the following spells:

 Spells                   Type           Power      Damage    Failure   Level
 Spider Form              Tmut/Pois      6%         N/A       14%         3
 Ice Form                 Ice/Tmut       6%         N/A       41%         4


Dungeon Overview and Level Annotations

Branches:
Dungeon (4/15)
 Temple: D:4-7

Altars:

Shops:
D:4 (

Annotations:
D:2 exclusion: downstairs
D:3 Sigmund


Innate Abilities, Weirdness & Mutations

You have temporarily grown beastly horns and talons.
Your plain brown scales are hard. (AC +5)
You cannot fit into any form of body armour.
You are cold-blooded and may be slowed by cold attacks.


Message History

* * * LOW HITPOINT WARNING * * *
The gnoll misses you. The gnoll barely misses you.
The gnoll hits you but does no damage.
The gnoll hits you from afar with a +0 spear.
* * * LOW HITPOINT WARNING * * *
There is a stone staircase leading down here.
You howl as the wereblood boils in your veins!
Your horns disappear.
Your talons disappear.
Your primal bloodlust is almost over.
Sigmund gestures wildly while chanting.
Sigmund flickers and vanishes!
Deactivating autopickup; reactivate with Ctrl-A.
You howl as the wereblood boils in your veins!
Your primal bloodlust has ended.
You aren't carrying any items that you can evoke.
Found an escape hatch in the floor.
A frilled lizard comes into view.
The frilled lizard hisses angrily.
A kobold comes into view. It is wielding a +6 short sword.
There is an escape hatch in the floor here.
You can't go up here!
The gnoll hits you from afar with a +0 spear.
* * * LOW HITPOINT WARNING * * *
You slide downwards.
The hatch slams shut behind you.
Reactivating autopickup.
Found Mawaw's Weapon Shoppe.
Found a stone staircase leading up and a stone staircase leading down.
An iguana comes into view.
Found a runed spear.
The iguana hisses angrily.
There is an entrance to Mawaw's Weapon Shoppe here.
There is a stone staircase leading up here.
The iguana hisses menacingly.
Casting: Wereblood (safe; 3% risk of failure)
Confirm with . or Enter, or press ? or * to list all spells.
You grow a pair of large bovine horns.
Your feet morph into talons.
You hit the iguana but do no damage. Your kick misses the iguana.
You tail-slap the iguana, but do no damage.
The iguana bites you!
You die...

...
##.......
..##........
#.#.8.......
#...........
#..>.......
##..........
#...∩.......
#.#.l.......
#.
#.@....... #
#...#.....
##8###....
### ##.. #


You could see an iguana.

Vanquished Creatures
  2 gnolls (D:3)
  2 adders (D:2)
  A worm (D:2)
  2 dart slugs
  5 ball pythons
  4 endoplasms
  A giant cockroach (D:1)
  4 goblins
  A hobgoblin (D:2)
  4 jackals (D:2)
  A quokka (D:2)
  4 bats
  A frilled lizard (D:1)
  2 kobolds (D:1)
  5 rats
39 creatures vanquished.

Notes
Turn   | Place    | Note
-------+----------+-------------------------------------------
     0 | D:1      | 12572944 the Draconian Transmuter began the quest for the
                  | Orb.
     0 | D:1      | Reached XP level 1. HP: 16/16 MP: 3/3
   458 | D:1      | Found a faded altar of an unknown god.
   612 | D:1      | Reached XP level 2. HP: 23/23 MP: 3/5
   874 | D:1      | Learned a level 2 spell: Wereblood
  1384 | D:2      | Reached XP level 3. HP: 29/29 MP: 2/6
  2123 | D:3      | Noticed a gnoll sergeant
  2240 | D:3      | Noticed Sigmund
  2258 | D:3      | Identified the +5 chain mail of Magic {rC+ Will+ Stlth+}
  2568 | D:3      | Reached XP level 4. HP: 23/36 MP: 3/7
  2869 | D:4      | Found Mawaw's Weapon Shoppe.
  2880 | D:4      | Slain by an iguana

Illustrated notes

Levels and vault maps discovered:
D:1:      heliophobic_arrival_ceremonial_halls, layout_loops_corners,
          ebering_ecumenical_altar_hall, dk_noncrumbling_3,
          hangedman_decor_clover_reticule
D:2:      layout_loops_cross
D:3:      layout_loops_ring, led_xom_imps, portal_sewer_entry_f, uniq_terence,
          uniq_sigmund
D:4:      layout_cave_pods, serial_shops, nicolae_shop_crystal,
          nicolae_stop_n_shop_2, hellmonk_ghost_happy_afterlife

Skill      XL: |  1  2  3 |
---------------+----------+-----
Dodging        | 2 |  2.3
Fighting       | 2 |  2.1
Transmutations | 3 |  3.0
Unarmed Combat | |  3.3
Spellcasting   | |  2.3

Action                   |  1- 3 |  4- 6 || total
-------------------------+-------+-------++-------
Melee: Unarmed           |    93 |    17 ||   110
       Kick              |    23 |     8 ||    31
       Headbutt          |     8 |     2 ||    10
       Tailslap          |     8 |     3 ||    11
       Punch             |     1 |       ||     1
 Cast: Beastly Appendage |    24 |     6 ||    30
       Wereblood         |     4 |     1 ||     5
  Use: Scroll            |     3 |       ||     3
 Stab: Sleeping          |     1 |       ||     1
Armor: Skin              |    26 |    11 ||    37
Dodge: Dodged            |    50 |    22 ||    72
